 Dungeon Crawl Stone Soup version 0.17-a0-2055-gb4e23be (webtiles) character file.

3066 Jackolantern the Covert (level 9, 0/44 HPs)
             Began as a Spriggan Enchanter on Oct 12, 2015.
             Was an Initiate of Dithmenos.
             Succumbed to a spider's poison
             ... on level 8 of the Dungeon.
             The game lasted 00:33:36 (8069 turns).

Jackolantern the Covert (Spriggan Enchanter)        Turns: 8069, Time: 00:33:36

Health: 0/44       AC:  3    Str:  6    XL:     9   Next: 57%
Magic:  5/20       EV: 23    Int: 18    God:    Dithmenos [......]
Gold:   104        SH:  0    Dex: 19    Spells: 5 memorised, 9 levels left

rFire  . . .     SeeInvis +     a - +7 dagger
rCold  . . .     Clarity  .     b - +1 robe
rNeg   . . .     SustAt   .     (shield restricted)
rPois  .         Gourm    .     (helmet restricted)
rElec  .         Spirit   .     (no cloak)
rCorr  .         Warding  .     (gloves unavailable)
rMut   .         Stasis   .     (boots unavailable)
MR     +....                    e - amulet of rage
Stlth  +++++.....               (no ring)
                                x - +3 ring of dexterity

@: lethally poisoned (0 -> -9), exhausted, slowed, quick, somewhat resistant to
hostile enchantments, quite stealthy
A: unfitting armour, see invisible, herbivore 3, speed 3, slow metabolism 2
a: Renounce Religion, Evoke Berserk Rage


You were on level 8 of the Dungeon.
You worshipped Dithmenos.
Dithmenos was noncommittal.
You were not hungry.

You visited 2 branches of the dungeon, and saw 10 of its levels.

You collected 384 gold pieces.
You spent 280 gold pieces at shops.

Inventory:

Hand Weapons
 a - a +7 dagger (weapon)
 E - a +2 dagger of electrocution
Armour
 b - a +1 robe (worn)
Jewellery
 e - an amulet of rage (around neck)
 i - an uncursed amulet of resist mutation
 x - a +3 ring of dexterity (left hand)
Wands
 d - a wand of magic darts (17)
 l - a wand of hasting (2)
 p - a wand of frost (30)
 y - a wand of magic darts (14)
Scrolls
 m - 2 scrolls of teleportation
 o - 2 scrolls of fear
 s - 2 scrolls of identify
 w - a scroll of remove curse
 z - 2 scrolls of amnesia
Potions
 f - a potion of haste
 g - a potion of resistance
 h - 2 potions of flight
 k - 2 potions of heal wounds {unknown}
 n - a potion of brilliance
 r - 2 potions of agility {unknown}
 t - a potion of cure mutation
 u - 2 potions of might {unknown}
 A - a potion of mutation {unknown}
Books
 c - a book of Maledictions

   Spells                             Type                      Level
   a - Corona                         Hexes                        1
   b - Ensorcelled Hibernation        Hexes/Ice                    2
   c - Confuse                        Hexes                        3
   d - Tukima's Dance                 Hexes                        3
   e - Dazzling Spray                 Conjuration/Hexes            3
 q - a book of Cantrips

   Spells                             Type                      Level
   a - Corona                         Hexes                        1
   b - Animate Skeleton               Necromancy                   1
   c - Summon Small Mammal            Summoning                    1
   d - Apportation                    Translocation                1
 v - a book of Unlife

   Spells                             Type                      Level
   a - Recall                         Summoning/Translocation      3
   b - Animate Dead                   Necromancy                   4
   c - Control Undead                 Necromancy                   4
   d - Cigotuvi's Embrace             Necromancy                   5
   e - Death Channel                  Necromancy                   6
   f - Simulacrum                     Ice/Necromancy               6
Comestibles
 B - 7 fruits
 C - 2 bread rations
 D - 9 royal jellies


   Skills:
 + Level 3.1 Fighting
 * Level 6.9 Short Blades
 + Level 7.2 Dodging
 + Level 8.6 Stealth
 + Level 6.8 Spellcasting
 * Level 8.0 Hexes
 + Level 5.1 Evocations


You had 9 spell levels left.
You knew the following spells:

 Your Spells              Type           Power        Failure   Level  Hunger
a - Corona                Hex            #####..      1%          1    None
b - Ensorcelled Hibernat  Hex/Ice        ###...       3%          2    None
c - Dazzling Spray        Conj/Hex       ###.....     10%         3    ##.....
d - Confuse               Hex            #####...     1%          3    ##.....
e - Tukima's Dance        Hex            #####...     1%          3    ##.....


Dungeon Overview and Level Annotations

Branches:
Dungeon (9/15)             Temple (1/1) D:4
   Lair: D:8-11         Orc: D:9-12

Altars:
Ashenzari
Cheibriados
Dithmenos
Elyvilon
Fedhas
Gozag
Kikubaaqudgha
Makhleb
Nemelex Xobeh
Okawaru
Qazlal
Ru
Sif Muna
Trog
Vehumet
Xom
Yredelemnul
Zin
The Shining One

Shops:
D:7 :


Innate Abilities, Weirdness & Mutations

You are tiny and cannot use many weapons and most armour.
You have supernaturally acute eyesight.
You are a herbivore.
You cover ground extremely quickly.
You need consume almost no food.


Message History

You are exhausted.
You feel yourself slow down.
* * * LOW HITPOINT WARNING * * *
You feel sick.
* * * LOW HITPOINT WARNING * * *
You feel sick. The spider completely misses you.
There is a stone staircase leading up here.
Unknown command.
You feel better. The spider completely misses you.
The spider barely misses you. The spider misses you. The spider misses you.
The spider misses you. The spider completely misses you.
The spider barely misses you. The spider closely misses you.
The spider bites you!
* * * LOW HITPOINT WARNING * * *
You are lethally poisoned!
The spider poisons you! The spider closely misses you.
The spider barely misses you. The spider closely misses you.
The spider barely misses you.
You climb upwards.
You die...

# #.# #.##.# ####### #
#.# #.##.# #...... # #.#
#..#.# #...... # #.#
##.#.# #...... # #.#
#...# #...... # #.# ##..#
#...... # #.# #..#
#...... #.#
#ss##########...... #.#
##@s........'......
#.#################.†....
#..>..............'......
###################......
#...... ##...... #...#'##
#.###.# #.# #.#


You could see 3 spiders.

Vanquished Creatures
  The ghost of Jackolantern the Ruffian, an amateur MiMo of Zin (D:5)
  A hippogriff (D:8)
  A hungry ghost (D:8)
  A steam dragon (D:9)
  A soldier ant (D:8)
  Duvessa (D:7)
  A phantom (D:4)
  2 spiders
  An orc warrior (D:9)
  A wasp (D:8)
  3 centaurs
  3 ogres
  A crocodile (D:8)
  2 giant frogs (D:7)
  Dowan (D:7)
  A scorpion (D:9)
  A water moccasin skeleton (D:5)
  5 jellies
  A crimson imp (D:9)
  3 orc priests
  3 orc wizards (D:4)
  3 worker ants
  2 hounds
  Jessica (D:2)
  A gnoll shaman (D:6)
  3 iguanas
  A hound zombie (D:6)
  Robin (D:3)
  10 adders
  9 gnolls
  3 worms
  3 giant geckos
  27 orcs
  4 giant cockroaches
  9 hobgoblins
  3 jackals (D:4)
  2 quokkas (D:2)
  7 bats
  A giant gecko skeleton (D:4)
  4 giant newts
  25 goblins
  6 kobolds
  8 rats
168 creatures vanquished.

Vanquished Creatures (collateral kills)
  A gnoll sergeant (D:5)
  2 orc priests (D:5)
  A gnoll (D:5)
  4 orcs
  2 giant cockroaches
10 creatures vanquished.

Grand Total: 178 creatures vanquished

Notes
Turn   | Place    | Note
--------------------------------------------------------------
     0 | D:1      | Jackolantern the Spriggan Enchanter began the quest for the Orb.
     0 | D:1      | Reached XP level 1. HP: 9/9 MP: 5/5
   215 | D:1      | Reached XP level 2. HP: 13/13 MP: 7/7
   316 | D:1      | Learned a level 2 spell: Ensorcelled Hibernation
   527 | D:2      | Reached skill level 1 in Evocations
   636 | D:2      | Found a shimmering altar of Xom.
   678 | D:2      | Reached XP level 3. HP: 14/16 MP: 8/8
   730 | D:2      | Found a stormy altar of Qazlal.
   762 | D:2      | Found an opulent altar of Gozag.
   947 | D:2      | Noticed Jessica
   951 | D:2      | Killed Jessica
   951 | D:2      | Reached skill level 5 in Stealth
   951 | D:2      | Reached XP level 4. HP: 9/21 MP: 5/10
  1172 | D:3      | Noticed Robin
  1231 | D:3      | Killed Robin
  1480 | D:3      | Learned a level 3 spell: Dazzling Spray
  1484 | D:3      | Learned a level 3 spell: Confuse
  1607 | D:3      | Reached skill level 1 in Fighting
  1972 | D:3      | Reached XP level 5. HP: 18/25 MP: 12/12
  1981 | D:3      | Learned a level 3 spell: Tukima's Dance
  2264 | D:4      | Found a sacrificial altar of Ru.
  2348 | D:4      | Noticed an ogre
  2353 | D:4      | Killed an ogre
  2368 | D:4      | Reached XP level 6. HP: 30/30 MP: 14/14
  2379 | D:4      | Noticed an ogre
  2383 | D:4      | Killed an ogre
  2383 | D:4      | Reached skill level 6 in Stealth
  2396 | D:4      | Noticed a phantom
  2427 | D:4      | Killed a phantom
  2427 | D:4      | Reached skill level 5 in Spellcasting
  2600 | D:5      | Entered Level 5 of the Dungeon
  2889 | D:4      | Reached XP level 7. HP: 29/33 MP: 2/15
  3532 | D:4      | Found a staircase to the Ecumenical Temple.
  3545 | Temple   | Entered the Ecumenical Temple
  3823 | D:4      | Reached skill level 5 in Hexes
  4134 | D:5      | Found a glowing silver altar of Zin.
  4186 | D:5      | Noticed Jackolantern's ghost (amateur MiMo)
  4206 | D:5      | Killed Jackolantern's ghost
  4329 | D:5      | Reached skill level 5 in Dodging
  4329 | D:5      | Reached XP level 8. HP: 5/39 MP: 13/17
  4740 | D:6      | Reached skill level 7 in Stealth
  4855 | D:6      | Reached skill level 5 in Short Blades
  5429 | D:7      | Found Kahuo's Book Shoppe.
  5588 | D:7      | Noticed Duvessa
  5594 | D:7      | Noticed Dowan
  5597 | D:7      | Killed Duvessa
  5700 | D:7      | Killed Dowan
  5964 | D:7      | Bought a book of Cantrips for 280 gold pieces
  6567 | D:8      | Reached XP level 9. HP: 33/43 MP: 15/19
  6682 | D:8      | Reached skill level 8 in Stealth
  7353 | D:9      | Reached skill level 5 in Evocations
  7903 | D:9      | Found a shadowy altar of Dithmenos.
  7914 | D:9      | Became a worshipper of Dithmenos the Shadowed
  8066 | D:9      | HP: 1/44 [poisoned by a spider]
  8069 | D:8      | Succumbed to a spider's poison

Vault maps used:
D:1:      mainiacjoe_arrival_reflecting_pool
D:2:      kennysheep_the_goblin_king, lemuel_crystal_altar,
          grunt_temple_overflow_open, kennysheep_generic_room_5, uniq_jessica
D:3:      minmay_ruptured, uniq_robin
D:4:      minmay_temple_entry_junction, nicolae_ru_path_of_blood
D:5:      first_bread, basic_altar, lightli_minifort
D:6:      interstate_on_off
D:7:      serial_shops, nicolae_shop_behind_doors, uniq_duvessa
D:8:      hangedman_pestilent_swarm
D:9:      overflow_temple_1_default, spider_trap, uniq_psyche
Temple:   eino_wide_crystal_templ_15

Action                   |  1- 3 |  4- 6 |  7- 9 || total
-------------------------+-------+-------+-------++-------
Melee: Dagger            |    95 |   109 |   245 ||   449
 Cast: Ensorcelled Hiber |    14 |     6 |    20 ||    40
       Dazzling Spray    |       |     4 |    29 ||    33
       Tukima's Dance    |       |     8 |     9 ||    17
       Confuse           |       |     4 |    11 ||    15
 Abil: Evoke Berserk Rag |       |       |     1 ||     1
  Use: Scroll            |     7 |     1 |    15 ||    23
       Potion            |       |       |     3 ||     3
 Stab: Sleeping          |    16 |    10 |    23 ||    49
       Distracted        |       |     2 |     3 ||     5
       Confused          |       |     2 |     5 ||     7
       Invisible         |       |       |     8 ||     8
  Eat: Pizza             |       |     1 |     1 ||     2
       Bread ration      |       |       |     2 ||     2
